 Dungeon Crawl Stone Soup version 0.29.0-4-gdea44cf6ec (webtiles) character file.

Game seed: 17623072798519828658

12 qw the Chopper (level 2, 0/17 HPs)
             Began as a Tengu Warper on Aug 28, 2022.
             Slain by a kobold
             ... wielding a +0 dagger
              (3 damage)
             ... on level 1 of the Dungeon.
             The game lasted 00:00:02 (692 turns).

qw the Chopper (Tengu Warper)                        Turns: 692, Time: 00:00:03

Health: 0/17       AC:  3    Str: 11    XL:     2   Next: 33%
Magic:  6/6        EV: 11    Int: 13    God:
Gold:   68         SH:  0    Dex: 13    Spells: 5/5 levels left

rFire   . . .      SeeInvis .   a - +0 hand axe
rCold   . . .      Faith    .   (no shield)
rNeg    . . .      Spirit   .   b - +0 leather armour
rPois   .          Reflect  .   (helmet restricted)
rElec   .          Harm     .   (no cloak)
rCorr   .          Rampage  .   (no gloves)
Will    .....                   (boots unavailable)
Stlth   +.........              (no amulet)
HPRegen 0.05/turn               (no ring)
MPRegen 0.10/turn               (no ring)

@: no status effects
A: beak, talons 3
a: no special abilities


You were on level 1 of the Dungeon.
You visited 1 branch of the dungeon, and saw 1 of its levels.

You collected 68 gold pieces.


Innate Abilities, Weirdness & Mutations

You have a beak for a mouth.
You have claws for feet.


   Skills:
 - Level 2.0 Fighting
 + Level 3.2 Axes
 - Level 1.0 Throwing
 - Level 1.1 Armour
 - Level 2.1 Dodging
 - Level 2.0 Spellcasting
 - Level 2.4 Translocations


You had 5 spell levels left.
You didn't know any spells.
Your spell library contained the following spells:

 Spells                   Type           Power      Damage    Failure   Level
 Blink                    Tloc           14%        N/A       19%         2
 Gell's Gravitas          Tloc           7%         N/A       36%         3
 Lesser Beckoning         Tloc           7%         N/A       36%         3
 Teleport Other           Tloc           7%         N/A       36%         3
 Manifold Assault         Tloc           7%         N/A       98%         5

Inventory:

Hand Weapons
 a - a +0 hand axe (weapon)
 h - a +0 club
Armour
 b - a +0 leather armour (worn)
Jewellery
 e - a ring of protection from fire
 f - an amulet of guardian spirit
Scrolls
 c - a scroll of blinking
 d - a scroll of torment {unknown}
 g - 2 scrolls of identify {unknown}
 i - a scroll of butterflies {unknown}

Dungeon Overview and Level Annotations

Branches:
Dungeon (1/15)

Altars:


Message History

You start resting.
HP restored.
A hobgoblin and a kobold come into view.
The hobgoblin shouts!
The kobold shouts!
You hear a shout!
A ball python comes into view.
Things that are here:
a +0 club; a goblin corpse You barely miss the hobgoblin.
You peck the hobgoblin, but do no damage.
The hobgoblin hits you but does no damage. x2
You closely miss the hobgoblin. Your kick misses the hobgoblin.
Your peck misses the hobgoblin.
The hobgoblin hits you but does no damage.
You hit the kobold but do no damage. Your kick misses the kobold.
You hit the hobgoblin but do no damage. The hobgoblin hits you.
The kobold barely misses you.
You hit the kobold.
The kobold is moderately wounded.
You closely miss the hobgoblin. The hobgoblin hits you.
The kobold closely misses you.
You closely miss the kobold.
The kobold is moderately wounded.
You hit the hobgoblin. The hobgoblin hits you.
The kobold hits you with a +0 dagger.
You barely miss the hobgoblin.
You claw the hobgoblin, but do no damage.
The hobgoblin is severely wounded.
You completely miss the kobold. The hobgoblin misses you.
The kobold hits you but does no damage.
You barely miss the hobgoblin.
The hobgoblin is severely wounded.
You barely miss the kobold. The hobgoblin hits you.
A kobold comes into view. It is wielding a +0 club.
The kobold hits you with a +0 dagger.
You hit the hobgoblin but do no damage. Your peck misses the hobgoblin.
The hobgoblin is severely wounded.
You closely miss the kobold. The hobgoblin misses you.
The kobold hits you with a +0 dagger.
You die...

##.^.#.# ##.# #..##.#
###.# ######.###.# #....
#..........####.#.#
#.####.###.##...... #.
#.# #.##.#.#.# #. #.#
#.#....... ##K##
#.###.....##..
#Sg@###)............
...K..#......##...#.####
#####...#######.#.#.# ##
##.########...#.###.
#..........###.....
##########.# #####. #.#
## #.###### # #.....%# #


You could see a hobgoblin, a ball python and 2 kobolds.

Vanquished Creatures
  2 bats (D:1)
  3 endoplasms (D:1)
  A giant cockroach (D:1)
  2 goblins (D:1)
  A quokka (D:1)
  A ball python (D:1)
10 creatures vanquished.

Notes
Turn   | Place    | Note
-------+----------+-------------------------------------------
     0 | D:1      | qw the Tengu Warper began the quest for the Orb.
     0 | D:1      | Reached XP level 1. HP: 12/12 MP: 4/4
     0 | D:1      | 0 ||| qw: Version: 0.1-a-89-g26bdef1
     0 | D:1      | 0 ||| qw: Game counter: 296
     0 | D:1      | 0 ||| qw: Always use a shield: true
     0 | D:1      | 0 ||| qw: God list: Okawaru
     0 | D:1      | 0 ||| qw: Allow faded altars: false
     0 | D:1      | 0 ||| qw: Do Orc after D:15 true
     0 | D:1      | 0 ||| qw: Do second Lair branch before Depths: true
     0 | D:1      | 0 ||| qw: Lair rune preference: random
     0 | D:1      | 0 ||| qw: Plans: Normal
     0 | D:1      | 0 ||| PLANNING D:1-11
   115 | D:1      | 115 ||| Stepping ~*~*~tactically~*~*~ (stealth).
   116 | D:1      | 116 ||| Stepping ~*~*~tactically~*~*~ (stealth).
   165 | D:1      | Reached skill level 3 in Axes
   165 | D:1      | Reached XP level 2. HP: 11/17 MP: 6/6
   446 | D:1      | Found a faded altar of an unknown god.
   691 | D:1      | HP: 3/17 [kobold/+0 dagger (3)]
   692 | D:1      | Slain by a kobold

Levels and vault maps discovered:
D:1:      giann_wishing_wells, layout_loops_ring, ebering_ecumenical_altar_webs

Skill      XL: |  1 |
---------------+----+-----
Axes           | 3 |  3.2
Fighting       | |  2.0
Throwing       | |  1.0
Armour         | |  1.1
Dodging        | |  2.1
Spellcasting   | |  2.0
Translocations | |  2.4

Action                   || total
-------------------------++-------
Melee: Hand axe          ||    36
       Kick              ||     3
       Peck              ||     2
Throw: Boomerang         ||     7
Armor: Leather armour    ||    20
Dodge: Dodged            ||    26

Table legend:
 A = Non-vault XP
 B = Vault XP
 C = Vault XP percentage of total XP
 D = Non-vault monster count
 E = Vault monster count
 F = Vault count percentage of total count
                 A         B        C        D         E       F
            +---------+---------+-------+---------+---------+-------
      Total |      18 |       0 |   0.0 |      10 |       0 |   0.0
            +---------+---------+-------+---------+---------+-------
        D:1 |      18 |       0 |   0.0 |      10 |       0 |   0.0
            +---------+---------+-------+---------+---------+-------
